 Dungeon Crawl Stone Soup version 0.21-a0-92-g7bf63f6 (webtiles) character file.

62 GordonOverkill the Digger (level 3, -1/22 HPs)
             Began as a Deep Elf Earth Elementalist on July 1, 2017.
             Killed from afar by GordonOverkill's ghost (4 damage)
             ... with a flame tongue
             ... on level 3 of the Dungeon.
             The game lasted 00:03:44 (1907 turns).

GordonOverkill the Digger (DEEE)                    Turns: 1907, Time: 00:03:45

Health: -1/22      AC:  7    Str:  6    XL:     3   Next: 85%
Magic:  9/9        EV: 12    Int: 19    God:
Gold:   125        SH:  0    Dex: 15    Spells: 7/8 levels left

rFire    . . .     SeeInvis .   a - +2 spear (venom)
rCold    . . .     Gourm    .   (no shield)
rNeg     . . .     Faith    .   f - +0 leather armour
rPois    .         Spirit   .   (no helmet)
rElec    .         Reflect  .   m - +1 cloak
rCorr    .         Harm     .   (no gloves)
MR       .....                  (no boots)
Stlth    +.........             (no amulet)
HPRegen  0.07/turn              j - +2 ring of protection
MPRegen  0.11/turn              r - ring of loudness (curse)

@: no status effects
A: no striking features
a: no special abilities


You were on level 3 of the Dungeon.
You were not hungry.

You visited 1 branch of the dungeon, and saw 3 of its levels.

You collected 125 gold pieces.

Inventory:

Hand Weapons
 a - a +2 spear of venom (weapon)
 b - a +0 hunting sling
 A - a +0 dagger
Missiles
 g - 18 poisoned needles
 y - 41 stones (quivered)
 E - 10 sling bullets
Armour
 f - a +0 leather armour (worn)
 h - a +0 ring mail
 m - a +1 cloak (worn)
 q - a +0 scale mail
Jewellery
 j - a +2 ring of protection (left hand)
 r - a cursed ring of loudness (right hand)
 w - a +6 ring of strength {unknown}
Scrolls
 i - 4 scrolls of identify {unknown}
 l - a scroll of immolation {unknown}
 p - a scroll of blinking {unknown}
 s - a scroll of enchant armour {unknown}
 v - 2 scrolls of remove curse {unknown}
 x - a scroll of fear {unknown}
 C - a scroll of enchant weapon {unknown}
 D - a scroll of fog {unknown}
Potions
 n - a potion of magic {unknown}
 o - a potion of cancellation {unknown}
 u - 3 potions of curing {unknown}
 B - a potion of lignification {unknown}
 F - a potion of mutation {unknown}
Books
 e - a book of Geomancy

   Spells                             Type                      Level
   a - Sandblast                      Earth                        1
   b - Passwall                       Transmutation/Earth          2
   c - Stone Arrow                    Conjuration/Earth            3
   d - Petrify                        Transmutation/Earth          4
   e - Lee's Rapid Deconstruction     Earth                        5
Comestibles
 c - 2 royal jellies
 d - 3 bread rations
 k - a meat ration
 t - 3 fruits
 z - 11 chunks of flesh


   Skills:
 - Level 2.5 Fighting
 + Level 1.3 Short Blades
 - Level 2.4 Dodging
 - Level 2.4 Stealth
 - Level 3.0 Spellcasting
   Level 1.1 Transmutations
 - Level 3.2 Earth Magic


You had 7 spell levels left.
You knew the following spells:

 Your Spells              Type           Power        Failure   Level  Hunger
a - Sandblast             Erth           ###...       6%          1    None


Dungeon Overview and Level Annotations

Branches:
Dungeon (3/15)

Altars:
Cheibriados
Elyvilon

Annotations:
D:3 GordonOverkill's ghost, amateur DEFE; Jessica


Message History

You hit the adder but do no damage.
The adder is poisoned.
The adder misses you.
Jessica looks very angry.
You completely miss the adder. The adder bites you but does no damage.
GordonOverkill's ghost gestures at you while chanting.
The flame tongue hits you!
* * * LOW HITPOINT WARNING * * *
Jessica casts a spell.
Jessica blinks!
The adder bites you.
* * * LOW HITPOINT WARNING * * *
You closely miss the adder.
The adder is lightly wounded.
The adder closely misses you.
GordonOverkill's ghost closely misses you.
Your leather armour prevents you from hitting the adder.
The adder is moderately wounded.
The adder barely misses you.
GordonOverkill's ghost gestures at you while chanting.
The flame tongue hits you!
You die...

############
#..@....W@.#
#.########S#
#.# ...
#####.#####
#....
#.....)...#
.[....
#.#######.#
..##.# ...
.# # .#.# ##
.##..


You could see GordonOverkill's ghost, an adder and Jessica.

Vanquished Creatures
  2 adders (D:2)
  2 worms
  An orc (D:3)
  A ball python (D:2)
  2 giant cockroaches
  5 goblins
  6 hobgoblins
  5 jackals (D:1)
  3 kobolds
  5 bats
  2 frilled lizards (D:2)
  2 rats (D:2)
36 creatures vanquished.

Vanquished Creatures (others)
  A kobold (D:1)
  A frilled lizard (D:1)
2 creatures vanquished.

Grand Total: 38 creatures vanquished

Notes
Turn   | Place    | Note
-------+----------+-------------------------------------------
     0 | D:1      | GordonOverkill the Deep Elf Earth Elementalist began the quest for the Orb.
     0 | D:1      | Reached XP level 1. HP: 10/10 MP: 6/6
   244 | D:1      | Reached skill level 1 in Fighting
   385 | D:1      | Reached XP level 2. HP: 15/16 MP: 8/8
  1107 | D:2      | Reached XP level 3. HP: 21/21 MP: 9/9
  1171 | D:2      | Found a white marble altar of Elyvilon.
  1596 | D:2      | Found a snail-covered altar of Cheibriados.
  1606 | D:2      | Reached skill level 1 in Short Blades
  1890 | D:3      | Noticed Jessica
  1891 | D:3      | Noticed GordonOverkill's ghost (amateur DEFE)
  1907 | D:3      | Killed from afar by GordonOverkill's ghost

Vault maps used:
D:1:      saegor_arrival_miasma, minmay_tetromino_t2
D:2:      cheibriados_altar_1, first_bread, elyvilon_altar_4
D:3:      kennysheep_okawaru_gauntlet, uniq_jessica

Skill      XL: |  1  2  3 |
---------------+----------+-----
Fighting       | 1 2 |  2.5
Short Blades   | 1 |  1.3
Dodging        | |  2.4
Stealth        | |  2.4
Spellcasting   | |  3.0
Transmutations | |  1.1
Earth Magic    | |  3.2

Action                   || total
-------------------------++-------
Melee: Spear             ||   105
 Cast: Sandblast         ||     7
 Stab: Sleeping          ||     3
  Eat: Chunk             ||     3
Armor: Leather armour    ||    27
Dodge: Dodged            ||    79
